 Dungeon Crawl Stone Soup version 0.28-a0-722-gc0678643b6 (webtiles) character file.

Game seed: 13884023909976402089

3140794 StikS32 the Conqueror (level 27, 158/245 HPs)
             Began as a Minotaur Fighter on Oct 24, 2021.
             Was the Champion of Cheibriados.
             Escaped with the Orb
             ... and 5 runes on Oct 25, 2021!
             The game lasted 03:33:01 (72553 turns).

StikS32 the Conqueror (Minotaur Fighter)           Turns: 72553, Time: 03:33:01

Health: 158/245    AC: 50    Str: 41    XL:     27
Magic:  40/40      EV: 31    Int: 14    God:    Cheibriados [******]
Gold:   6760       SH: 45    Dex: 30    Spells: 26/26 levels left

rFire   + + +      SeeInvis +   x - +9 demon whip (vorpal)
rCold   + + +      Faith    .   B - +10 tower shield of Ignorance {rN+ Int-4}
rNeg    + + .      Spirit   .   a - +12 gold dragon scales
rPois   +          Reflect  .   (helmet unavailable)
rElec   .          Harm     .   C - +1 cloak {Will+}
rCorr   .          Rampage  .   e - +2 pair of gloves {Dex+3}
Will    +++..      Rage     3%  T - +2 pair of boots {Fly}
Stlth   ..........              I - amulet "Ynus" {rF+ rC+ Regen+ MP+9 Dex+3}
HPRegen 1.50/turn               q - ring of positive energy
MPRegen 0.27/turn               S - ring "Iburext" {rF+ rC+ Str-3 SInv}

@: on berserk cooldown, flying, slowed, studying 4 skills, very slow
A: horns 3, retaliatory headbutt, large bone plates 2, camouflage 1, berserk 2,
clumsy 2, deterioration 2, dopey 1, frail 1, low mp 1, poison resistance,
screaming 1, inhibited regeneration, weak 1
0: Orb of Zot
}: 5/15 runes: barnacled, slimy, silver, abyssal, gossamer
a: Renounce Religion, Bend Time, Temporal Distortion, Slouch, Step From Time


You escaped.
You worshipped Cheibriados.
Cheibriados was exalted by your worship.
You visited 13 branches of the dungeon, and saw 58 of its levels.
You visited the Abyss 3 times.
You visited 2 bazaars.
You also visited: Gauntlet, Ice Cave and Volcano.

You collected 13381 gold pieces.
You spent 6621 gold pieces at shops.

Inventory:

Hand Weapons
 t - a +1 demon whip of flaming
 w - a +1 demon whip of venom
 x - a +9 vorpal demon whip (weapon)
 E - a +9 demon whip of draining
 G - the +12 mace of Watesyb {flame, Fragile Int+2 Stlth+}
   (You took it off a draconian annihilator on level 4 of the Realm of Zot)

   It burns those it strikes, dealing additional fire damage.
   Int:       It affects your intelligence (+2).
   Fragile:   It will be destroyed if unequipped.
   Stlth:     It makes you more stealthy.
Armour
 a - +12 gold dragon scales (worn)
 e - a +2 pair of gloves of dexterity (worn)
 B - the +10 tower shield of Ignorance (worn) {rN+ Int-4}
   (You acquired it on level 3 of the Abyss)

   Int:       It affects your intelligence (-4).
   rN:        It protects you from negative energy.
 C - a +1 cloak of willpower (worn)
 N - the +3 hat of Pondering {ponderous, Will+ MP+10 Int+5}
   (You took it off Gastronok on level 1 of the Lair of Beasts)

   Int:       It affects your intelligence (+5).
   MP:        It affects your magic capacity (+10).
   Will:      It increases your willpower.
 T - a +2 pair of boots of flying (worn)
 U - the +4 kite shield of Honour {Regen+}
   (You took it off a minotaur in a Gauntlet)

   Regen:     It increases your rate of health regeneration.
Jewellery
 b - a ring of resist corrosion
 m - a ring of the Octopus King {rCorr AC+1 EV+1 Str+1 Int+1 Dex+1}
   (You found it on level 2 of the Realm of Zot)

   [ring of resist corrosion]

   AC:        It affects your AC (+1).
   EV:        It affects your evasion (+1).
   Str:       It affects your strength (+1).
   Int:       It affects your intelligence (+1).
   Dex:       It affects your dexterity (+1).
   rCorr:     It protects you from acid and corrosion.
 q - a ring of positive energy (left hand)
 s - an amulet of reflection
 z - an amulet of magic regeneration
 I - the amulet "Ynus" (around neck) {rF+ rC+ Regen+ MP+9 Dex+3}
   (You bought it in a shop in a bazaar)

   [amulet of regeneration]

   Dex:       It affects your dexterity (+3).
   rF:        It protects you from fire.
   rC:        It protects you from cold.
   MP:        It affects your magic capacity (+9).
   Regen:     It increases your rate of health regeneration.
 O - the amulet "Cyteiqac" {Spirit Slay+3}
   (You took it off a vault sentinel on level 5 of the Vaults)

   [amulet of guardian spirit]

   It causes incoming damage to be divided between your reserves of health and
   magic.
   Slay:      It affects your accuracy & damage with ranged weapons and melee
   (+3).
 Q - the ring "Xoweill" {rElec rC+ rCorr Slay+3}
   (You took it off a minotaur in a Gauntlet)

   [ring of protection from cold]

   Slay:      It affects your accuracy & damage with ranged weapons and melee
   (+3).
   rC:        It protects you from cold.
   rElec:     It insulates you from electricity.
   rCorr:     It protects you from acid and corrosion.
 R - a ring of willpower
 S - the ring "Iburext" (right hand) {rF+ rC+ Str-3 SInv}
   (You bought it in a shop on level 1 of the Depths)

   [ring of see invisible]

   Str:       It affects your strength (-3).
   rF:        It protects you from fire.
   rC:        It protects you from cold.
   SInv:      It lets you see invisible.
Wands
 f - a wand of acid (48)
 n - a wand of mindburst (34)
 o - a wand of polymorph (28)
 p - a wand of iceblast (113)
 r - a wand of paralysis (25)
 K - a wand of flame (222)
 P - a wand of digging (1)
 V - a wand of charming (29)
Scrolls
 h - 11 scrolls of magic mapping
 i - 5 scrolls of fear
 v - 8 scrolls of silence
 y - 11 scrolls of blinking
 A - 21 scrolls of teleportation
 D - 5 scrolls of holy word
 F - 5 scrolls of enchant weapon
 J - 16 scrolls of fog
Potions
 c - 6 potions of heal wounds
 d - 8 potions of might
 g - 10 potions of invisibility
 k - 3 potions of berserk rage
 l - 3 potions of ambrosia
 u - 31 potions of curing
 W - a potion of brilliance
 Y - 7 potions of cancellation
 Z - 4 potions of resistance


   Skills:
 O Level 27 Fighting
 O Level 27 Maces & Flails
 O Level 27 Armour
 * Level 24.7 Dodging
 - Level 9.6 Stealth
 O Level 27 Shields
 + Level 17.6 Invocations


You had 26 spell levels left.
You didn't know any spells.
Your spell library contained the following spells:

 Spells                   Type           Power      Damage    Failure   Level
 Animate Skeleton         Necr           0%         N/A       69%         1
 Apportation              Tloc           0%         N/A       69%         1
 Foxfire                  Conj/Fire      0%         2x1d4     69%         1
 Freeze                   Ice            0%         1d3       69%         1
 Magic Dart               Conj           0%         1d3       69%         1
 Pain                     Necr           0%         1d4       69%         1
 Shock                    Conj/Air       0%         1d3       69%         1
 Sting                    Tmut/Pois      0%         1d3       69%         1
 Summon Small Mammal      Summ           0%         N/A       69%         1
 Blink                    Tloc           0%         N/A       83%         2
 Call Imp                 Summ           0%         N/A       83%         2
 Corpse Rot               Necr/Air       0%         N/A       83%         2
 Ensorcelled Hibernation  Hex/Ice        0%         N/A       83%         2
 Poisonous Vapours        Pois/Air       0%         N/A       83%         2
 Searing Ray              Conj           0%         2d4       83%         2
 Slow                     Hex            0%         N/A       83%         2
 Static Discharge         Conj/Air       0%         N/A       83%         2
 Wereblood                Tmut           0%         N/A       83%         2
 Confusing Touch          Hex            0%         N/A       96%         3
 Conjure Flame            Conj/Fire      0%         6-21      96%         3
 Dazzling Flash           Conj/Hex       0%         N/A       96%         3
 Frozen Ramparts          Ice            0%         1d2       96%         3
 Gell's Gravitas          Tloc           0%         N/A       96%         3
 Ignite Poison            Fire/Tmut/Pois 0%         N/A       96%         3
 Inner Flame              Hex/Fire       0%         N/A       96%         3
 Lesser Beckoning         Tloc           0%         N/A       96%         3
 Mephitic Cloud           Conj/Pois/Air  0%         N/A       96%         3
 Ozocubu's Armour         Ice            0%         N/A       96%         3
 Portal Projectile        Hex/Tloc       0%         N/A       96%         3
 Spider Form              Tmut/Pois      0%         N/A       96%         3
 Summon Guardian Golem    Hex/Summ       0%         N/A       96%         3
 Teleport Other           Tloc           0%         N/A       96%         3
 Tukima's Dance           Hex            0%         N/A       96%         3
 Vampiric Draining        Necr           0%         2d6       96%         3
 Airstrike                Air            0%         N/A       100%        4
 Animate Armour           Summ/Erth      0%         N/A       100%        4
 Animate Dead             Necr           0%         N/A       100%        4
 Cause Fear               Hex            0%         N/A       100%        4
 Dispel Undead            Necr           0%         3d6       100%        4
 Fulminant Prism          Conj/Hex       0%         3d6       100%        4
 Hailstorm                Conj/Ice       0%         3d3       100%        4
 Ice Form                 Ice/Tmut       0%         N/A       100%        4
 Iskenderun's Mystic Bla  Conj/Tloc      0%         2d3       100%        4
 Olgreb's Toxic Radiance  Pois           0%         N/A       100%        4
 Passage of Golubria      Tloc           0%         N/A       100%        4
 Petrify                  Tmut/Erth      0%         N/A       100%        4
 Summon Ice Beast         Ice/Summ       0%         N/A       100%        4
 Summon Lightning Spire   Summ/Air       0%         N/A       100%        4
 Alistair's Intoxication  Tmut/Pois      0%         N/A       100%        5
 Blade Hands              Tmut           0%         N/A       100%        5
 Borgnjor's Vile Clutch   Necr/Erth      0%         N/A       100%        5
 Fireball                 Conj/Fire      0%         3d3       100%        5
 Freezing Cloud           Conj/Ice/Air   0%         6-21      100%        5
 Irradiate                Conj/Tmut      0%         3d13      100%        5
 Iskenderun's Battlesphe  Conj           0%         2d6       100%        5
 Lightning Bolt           Conj/Air       0%         1d11      100%        5
 Manifold Assault         Tloc           0%         N/A       100%        5
 Silence                  Hex/Air        0%         N/A       100%        5
 Summon Forest            Summ/Tloc      0%         N/A       100%        5
 Summon Mana Viper        Hex/Summ       0%         N/A       100%        5
 Yara's Violent Unravell  Hex/Tmut       0%         3d3       100%        5
 Conjure Ball Lightning   Conj/Air       0%         3x3d6     100%        6
 Death Channel            Necr           0%         N/A       100%        6
 Eringya's Noxious Bog    Tmut/Pois      0%         N/A       100%        6
 Iron Shot                Conj/Erth      0%         9d1       100%        6
 Simulacrum               Ice/Necr       0%         N/A       100%        6
 Starburst                Conj/Fire      0%         6d3       100%        6
 Dragon Form              Tmut           0%         N/A       100%        7
 Haunt                    Necr/Summ      0%         N/A       100%        7
 Malign Gateway           Summ/Tloc      0%         N/A       100%        7
 Monstrous Menagerie      Summ           0%         N/A       100%        7
 Orb of Destruction       Conj           0%         N/A       100%        7
 Spellforged Servitor     Conj/Summ      0%         N/A       100%        7
 Storm Form               Tmut/Air       0%         N/A       100%        7
 Summon Hydra             Summ           0%         N/A       100%        7
 Discord                  Hex            0%         N/A       100%        8
 Ignition                 Fire           0%         3d3       100%        8
 Infestation              Necr           0%         N/A       100%        8
 Lehudib's Crystal Spear  Conj/Erth      0%         10d2      100%        8
 Maxwell's Capacitive Co  Air            0%         ∞         100%        8
 Summon Horrible Things   Summ           0%         N/A       100%        8
 Chain Lightning          Conj/Air       0%         N/A       100%        9
 Dragon's Call            Summ           0%         N/A       100%        9
 Polar Vortex             Ice            0%         N/A       100%        9


Dungeon Overview and Level Annotations

Branches:
Dungeon (15/15)            Temple (1/1) D:4            Lair (6/6) D:8
 Shoals (4/4) Lair:2       Spider (4/4) Lair:2        Slime (5/5) Lair:5
    Orc (2/2) D:10            Elf (3/3) Orc:2        Vaults (5/5) D:14
  Crypt (3/3) Vaults:2       Tomb (1/3) Crypt:3      Depths (4/4) D:15
    Zot (5/5) Depths:4      IceCv (visited)         Volcano (visited)
Gauntlet (visited)

Altars:
Ashenzari
Cheibriados
Dithmenos
Elyvilon
Fedhas
Gozag
Hepliaklqana
Kikubaaqudgha
Makhleb
Nemelex Xobeh
Okawaru
Qazlal
Ru
Sif Muna
Trog
Wu Jian
Xom
Yredelemnul
Zin
The Shining One

Shops:
D:5 *   D:7 *   D:11 !   Orc:2 ?(*!   Elf:2 [   Elf:3 *   Shoals:1 ?
Vaults:5 =[   Depths:1 ==:=

Portals:
Hell: Depths:1 Depths:2 Depths:3 Depths:4
Abyss: Depths:1 Depths:3 Depths:4
Pandemonium: Depths:2 Depths:4
Ziggurat: Depths:3


Innate Abilities, Weirdness & Mutations

You have a pair of large horns on your head.
You reflexively headbutt those who attack you in melee.
You are mostly covered in large bone plates. (SH +6)
Your skin changes colour to match your surroundings (Stealth+).
You often lose your temper in combat.
You are very clumsy. (Dex -4)
Your body often deteriorates upon taking damage.
You are dopey. (Int -2)
You are frail. (-10% HP)
Your magical capacity is low. (-10% MP)
Your system is resistant to poisons. (rPois)
You occasionally shout uncontrollably at your foes.
You do not regenerate when monsters are visible.
You are weak. (Str -2)


Message History

You block the Brimstone Fiend's attack. x3
You barely miss the Brimstone Fiend.
The Brimstone Fiend is moderately wounded.
A hellwing comes into view.
A red film seems to cover your vision as you go berserk!
Cheibriados protects you from inadvertent hurry.
You feel mighty!
You thrash the Brimstone Fiend!!
The Brimstone Fiend is severely wounded.
You block the Brimstone Fiend's attack. x3
You barely miss the Brimstone Fiend. You headbutt the Brimstone Fiend!
The Brimstone Fiend is severely wounded.
You thrash the Brimstone Fiend!! You headbutt the Brimstone Fiend.
You kill the Brimstone Fiend!
Cheibriados thoroughly appreciates the change of pace.
Cheibriados raises the support of your attributes as your movement slows.
You block the hellwing's attack. x2; The hellwing misses you.
You block the hellwing's attack.
You thrash the hellwing!!
The hellwing is heavily wounded.
You whack the hellwing! Your headbutt misses the hellwing.
The hellwing is almost dead.
You block the hellwing's attack. x2
You whack the hellwing!
You kill the hellwing!
Cheibriados appreciates the change of pace.
No target in view!
No target in view!
No target in view!
No target in view!
No target in view!
No target in view!
You feel a strong urge to attack something.
There is a large open door here.
You are no longer berserk.
You are exhausted.
You feel yourself slow down.
You reach down and close the large door.
Okay, then.
There is a staircase leading out of the dungeon here.
You have escaped!

.......# #.....##.#.##..#
.###.#.###....§.........#
.##.###.##..............# .#.##
##.#.≈§§§≈≈≈≈≈≈.###
.##.###.###≈8≈≈≈≈≈≈8≈.#
.....#...§#§§8≈≈≈≈8≈≈.#
###...##...≈≈≈#++#§§§.#
#..###.[#§≈≈#..#≈≈§########
#..#.....≈≈≈#.@#≈≈§.......#
#..#.....≈≈≈####≈≈≈...###.#
#........≈≈8≈≈≈≈8≈≈....##.#####
#######....≈8≈≈§≈§≈8≈###.........
...# #.#.#≈≈≈≈≈§§≈≈≈# #..#.#####
##.# #.......#.###..###....# ##.#
###.#...#.# ##.....#### ##.#
#.......# ##...### ##.####
###...### #......#


There were no monsters in sight!

Vanquished Creatures
  the Royal Jelly (Slime:5)
  A dread lich (Zot:5)
  The ghost of Teqoj the Conqueror, a legendary MiBe of Trog (Zot:5)
  An ancient lich (Crypt:3)
  9 orbs of fire
  Mara (Crypt:2)
  A juggernaut (Depths:3)
  2 royal mummies (Tomb:1)
  Sojobo (Vaults:4)
  Bai Suzhen (Spider:3)
  3 Killer Klowns (Zot:5)
  Frederick (Crypt:2)
  Saint Roka (Vaults:1)
  2 curse toes
  4 caustic shrikes
  Nikola (Vaults:2)
  15 golden dragons
  Jory (Crypt:2)
  6 bone dragons
  The ghost of TimeIsEndless the Warrior, an adept FoFi of Okawaru (Depths:2)
  2 Brimstone Fiends
  5 electric golems
  12 tentacled monstrosities
  3 walking earthen tomes (Depths:3)
  A Hell Sentinel (D:5)
  2 Ice Fiends
  2 walking crystal tomes (Depths:3)
  6 quicksilver dragons
  Asterion (Spider:3)
  8 liches
  6 titans
  3 deep elf blademasters (Elf:3)
  2 walking divine tomes (Depths:3)
  29 Orb Guardians
  The ghost of Dienesei the Severer, an adept MiBe of Trog (Shoals:3)
  A quicksilver dragon (shapeshifter) (Vaults:4)
  2 Executioners (Abyss:4)
  15 death cobs
  16 acid blobs
  5 tentacled starspawn
  4 deep elf master archers (Elf:3)
  A kraken (Shoals:1)
  Gastronok (Lair:1)
  10 sphinxes
  2 ancient champions (Crypt:2)
  24 storm dragons
  12 shadow dragons
  10 tengu reavers
  A revenant (Tomb:1)
  The ghost of StikS32 the Warrior, a journeyman MiFi of Cheibriados (Orc:2)
  12 azure jellies
  9 deep elf sorcerers
  13 rockslimes
  8 draconian monks
  A daeva (Abyss:4)
  12 fire giants
  3 draconian knights
  4 iron dragons
  15 frost giants
  2 orc warlords (Vaults:3)
  Louise (Shoals:3)
  7 draconian scorchers
  4 ghost moths
  16 vault wardens
  3 cacodemons
  A caustic shrike zombie (Crypt:3)
  8 emperor scorpions
  7 ghouls
  4 deep elf elementalists
  22 ironbound preservers
  A demonspawn corrupter (D:5)
  5 draconian shifters
  A spriggan defender (Depths:1)
  2 draconian stormcallers (Zot:3)
  16 stone giants
  5 draconian annihilators
  2 reapers
  32 very ugly things
  A caustic shrike skeleton (Abyss:2)
  12 quicksilver oozes
  9 war gargoyles
  14 black draconians
  A dire elephant (Gauntlet)
  14 green draconians
  5 vampire knights
  5 deep elf demonologists
  9 white draconians
  16 red draconians
  7 deep elf annihilators
  3 lorocyprocas
  15 purple draconians
  A spark wasp (shapeshifter) (Depths:4)
  8 spark wasps
  2 minotaurs
  9 yellow draconians
  An entropy weaver (Vaults:1)
  8 deep elf death magi
  5 merfolk javelineers (Shoals:4)
  7 mummy priests (Tomb:1)
  5 blizzard demons
  3 crystal guardians (Crypt:3)
  19 ettins
  2 eidola
  A fire dragon (shapeshifter) (Gauntlet)
  5 green deaths
  13 yaktaur captains
  The ghost of TimeIsEndless the Blocker, a journeyman VSFi of Okawaru (D:14)
  17 great orbs of eyes
  16 fire dragons
  9 merfolk impalers
  4 deep elf high priests
  7 jiangshi
  Josephine (Lair:4)
  15 ice dragons
  10 boulder beetles
  11 hydras
  Fannar (D:10)
  9 ironbound thunderhulks
  3 spriggan air magi (Depths:3)
  39 vault guards
  7 rakshasas
  A hydra (shapeshifter) (Depths:3)
  3 merfolk avatars
  3 ogre magi
  A hell beast (Zot:5)
  2 peacekeepers
  A catoblepas (Lair:5)
  6 merfolk aquamancers
  13 ironbound frosthearts
  A caustic shrike simulacrum (Abyss:2)
  2 satyrs
  19 two-headed ogres
  21 centaur warriors
  35 dancing weapons
  A death knight (Crypt:1)
  An alligator snapping turtle (Shoals:2)
  An anaconda (shapeshifter) (Vaults:5)
  10 deep troll earth magi
  4 death scarabs (Tomb:1)
  10 death yaks
  11 deep troll shamans
  9 tengu warriors
  7 spriggan berserkers
  Urug (D:13)
  20 thrashing horrors
  5 vampire magi
  2 soul eaters
  An orc high priest (Elf:1)
  Sonja (Lair:2)
  27 deep elf knights
  2 sun demons
  25 skeletal warriors
  2 shock serpents (Zot:4)
  10 wretched stars
  9 sixfirhies
  8 hell knights
  3 iron trolls
  4 shadow wraiths
  5 spatial maelstroms
  16 sea snakes
  23 large abominations
  7 glowing orange brains
  4 shadow demons
  3 bog bodies
  9 flayed ghosts
  56 deep trolls
  2 obsidian statues
  14 ironbound convokers
  15 wizards
  A bunyip skeleton (Crypt:3)
  32 deep elf zephyrmancers
  An anaconda skeleton (Crypt:3)
  24 deep elf archers
  A sphinx zombie (Crypt:1)
  An orange crystal statue (Vaults:3)
  36 ugly things
  13 lindwurms
  7 orc sorcerers
  11 necromancers
  5 phantasmal warriors
  24 deep elf pyromancers
  31 wolf spiders
  6 orc knights
  An iron giant skeleton (Crypt:2)
  12 orb spiders
  22 harpies
  4 spectral merfolk (Shoals:3)
  7 shining eyes
  6 cyclopes
  13 fauns
  A shining eye (shapeshifter) (Depths:4)
  A will-o-the-wisp (Abyss:4)
  16 manticores
  29 moths of wrath
  A cyclops (shapeshifter) (Depths:3)
  A stone giant zombie (Crypt:2)
  An elephant (Gauntlet)
  A toenail golem (D:7)
  5 apocalypse crabs (Abyss:4)
  3 salamanders (Volcano)
  A spriggan zombie (Crypt:3)
  8 merfolk sirens
  12 black mambas
  An ice statue (Shoals:1)
  9 smoke demons
  10 water nymphs
  2 guardian serpents
  6 rust devils
  4 centaur skeletons
  2 dire elephant zombies
  5 eyes of devastation
  A black mamba (shapeshifter) (D:14)
  18 vault sentinels
  A torpor snail (Spider:1)
  Maggie (D:7)
  A naga mage (Abyss:4)
  5 unseen horrors
  17 cane toads
  4 gargoyles
  9 freezing wraiths
  2 orange demons
  A kobold demonologist (D:12)
  2 naga skeletons
  3 hellions
  11 komodo dragons
  Psyche (D:12)
  11 rime drakes
  9 ice devils
  4 efreet
  4 tengu conjurers
  38 yaktaurs
  A tormentor (Zot:1)
  A yellow draconian skeleton (Crypt:2)
  9 entropy weaver simulacra (IceCv)
  3 hellwings
  11 guardian mummies (Tomb:1)
  4 ancient zymes
  14 demonic crawlers
  3 red devils (Depths:2)
  29 jumping spiders
  29 merfolk
  A silent spectre (Abyss:4)
  A spectral water nymph (Shoals:3)
  A troll (shapeshifter) (Depths:4)
  10 trolls
  A moth of wrath zombie (Crypt:1)
  22 hornets
  A polar bear (D:8)
  10 wind drakes
  38 raiju
  Prince Ribbit (D:5)
  10 blink frogs
  2 dream sheep (Shoals:4)
  2 harpy skeletons (Crypt:3)
  2 hydra skeletons
  111 slime creatures
  6 snapping turtles
  37 flying skulls
  5 ynoxinuls
  5 spriggan simulacra (IceCv)
  A redback (shapeshifter) (Abyss:4)
  7 air elementals
  Sigmund (D:4)
  5 shadows
  29 tarantellas
  66 redbacks
  2 dire elephant simulacra (IceCv)
  19 humans (D:14)
  A naga simulacrum (Abyss:4)
  8 wraiths
  4 vampires
  21 wyverns
  25 water elementals
  A yak (shapeshifter) (Vaults:2)
  4 fire elementals
  4 basilisks
  6 fire bats (Volcano)
  3 ushabtiu (Tomb:1)
  A black mamba skeleton (Abyss:2)
  29 yaks
  6 golden eyes
  An alligator snapping turtle simulacrum (Shoals:3)
  An ice dragon skeleton (Crypt:1)
  9 neqoxecs
  A steam dragon (Lair:4)
  8 chaos spawn
  5 minotaur simulacra (IceCv)
  10 vampire mosquitoes
  4 spatial vortices
  2 harpy simulacra (IceCv)
  A naga (Abyss:4)
  A glowing shapeshifter zombie (Crypt:1)
  2 wargs (Vaults:1)
  A two-headed ogre zombie (Crypt:1)
  3 acid dragons
  3 floating eyes
  17 small abominations
  8 hell hounds
  21 water moccasins
  A hydra simulacrum (IceCv)
  3 black bears
  3 sky beasts
  2 swamp drakes (Lair:4)
  2 ettin simulacra (IceCv)
  35 ogres
  18 orc warriors
  4 ice beasts
  8 necrophages
  A fire dragon simulacrum (Crypt:1)
  18 wolves
  3 alligator simulacra (IceCv)
  A dream sheep skeleton (Crypt:2)
  A tengu (shapeshifter) (D:15)
  A wind drake simulacrum (Shoals:3)
  12 centaurs
  6 kobold brigands
  6 earth elementals
  A gnoll sergeant (D:6)
  A wyvern zombie (Crypt:2)
  7 bullfrogs
  5 scorpions
  9 deep troll simulacra (IceCv)
  A warg zombie (Crypt:1)
  A water moccasin zombie (D:5)
  A water moccasin skeleton (D:6)
  10 killer bees
  2 lindwurm simulacra (IceCv)
  A snapping turtle simulacrum (Shoals:3)
  3 wights (D:9)
  4 howler monkeys
  2 electric eels (Elf:3)
  29 starcursed masses
  3 hounds
  5 quasits
  2 jellies
  10 orc priests
  4 centaur zombies
  2 gnoll shamans
  A bullfrog skeleton (Crypt:2)
  3 iron imps
  Ijyb (D:3)
  An iguana (D:7)
  16 orc wizards
  5 lightning spires (Zot:4)
  A killer bee zombie (D:7)
  2 ogre zombies
  A hound zombie (D:5)
  15 mummies (Tomb:1)
  10 gnolls
  A howler monkey zombie (D:6)
  A howler monkey skeleton (D:4)
  6 adders
  A shadow imp (Abyss:4)
  3 white imps
  An ufetubus (Abyss:4)
  2 worms (D:3)
  5 dart slugs
  56 orcs
  4 ball pythons
  9 endoplasms
  2 giant cockroaches
  15 goblins
  12 hobgoblins
  4 quokkas
  2 bats
  3 frilled lizards
  A hobgoblin skeleton (Crypt:1)
  20 kobolds
  A rat (D:2)
  A lurking horror (Abyss:4)
  A plant (Shoals:1)
  4 starspawn tentacles
  4 tentacles (Shoals:1)
2918 creatures vanquished.

Vanquished Creatures (collateral kills)
  A draconian annihilator (Zot:5)
  A red draconian (Zot:5)
2 creatures vanquished.

Vanquished Creatures (others)
  A deep elf blademaster (Elf:3)
  A fire giant (Depths:3)
  A draconian knight (Zot:3)
  A deep elf sorcerer (Elf:3)
  2 draconian shifters (Zot:4)
  A deep elf elementalist (Elf:3)
  A black draconian (Zot:4)
  A deep elf annihilator (Elf:3)
  A deep elf high priest (Elf:3)
  A merfolk impaler (Shoals:4)
  A deep elf zephyrmancer (Elf:3)
  A deep elf pyromancer (Elf:3)
  2 manticores
  A water elemental (Elf:1)
  A fire bat (shapeshifter) (Vaults:5)
  A boggart (shapeshifter) (Vaults:5)
  2 small abominations (Abyss:4)
  An orc (Elf:1)
  A kobold (D:13)
  5 ball lightnings (Zot:4)
  3 foxfires (Abyss:4)
  23 fungi
  2 lurking horrors
  82 plants
  11 starspawn tentacles
  2 tentacles (Shoals:1)
150 creatures vanquished.

Grand Total: 3070 creatures vanquished

Notes
Turn   | Place    | Note
-------+----------+-------------------------------------------
     0 | D:1      | StikS32 the Minotaur Fighter began the quest for the Orb.
     0 | D:1      | Reached XP level 1. HP: 19/19 MP: 0/0
   147 | D:1      | Reached XP level 2. HP: 25/27 MP: 1/1
   700 | D:2      | Reached XP level 3. HP: 31/33 MP: 2/2
  1288 | D:3      | Noticed an ice beast
  1491 | D:3      | Killed an ice beast
  1492 | D:3      | Reached XP level 4. HP: 19/41 MP: 3/3
  1492 | D:3      | Reached XP level 5. HP: 21/47 MP: 4/4
  1966 | D:3      | Reached skill level 5 in Armour
  1966 | D:3      | Reached skill level 1 in Dodging
  2138 | D:3      | Reached skill level 5 in Maces & Flails
  2138 | D:3      | Reached XP level 6. HP: 47/55 MP: 5/5
  2220 | D:3      | Found a faded altar of an unknown god.
  2350 | D:3      | Noticed Ijyb
  2359 | D:3      | Killed Ijyb
  2923 | D:4      | Noticed a water moccasin
  2937 | D:4      | Killed a water moccasin
  2938 | D:4      | Reached skill level 5 in Fighting
  3169 | D:4      | Found a staircase to the Ecumenical Temple.
  3176 | Temple   | Entered the Ecumenical Temple
  3280 | Temple   | Became a worshipper of Cheibriados the Contemplative
  3332 | D:4      | Noticed Sigmund
  3344 | D:4      | Killed Sigmund
  3345 | D:4      | Reached XP level 7. HP: 61/61 MP: 6/6
  3764 | D:4      | Noticed a two-headed ogre
  3766 | D:4      | Reached skill level 1 in Stealth
  3774 | D:4      | Killed a two-headed ogre
  3775 | D:4      | Reached XP level 8. HP: 21/70 MP: 7/7
  4549 | D:4      | Reached * piety under Cheibriados
  4775 | D:5      | Entered Level 5 of the Dungeon
  5104 | D:5      | Found Ucoowida's Serpentskin Sales.
  5192 | D:5      | Noticed Prince Ribbit
  5200 | D:5      | Killed Prince Ribbit
  5244 | D:5      | Reached XP level 9. HP: 76/78 MP: 8/8
  5924 | D:6      | Reached skill level 10 in Maces & Flails
  6016 | D:6      | Got Nias's Almanac of Shifting Weightlessness
  6165 | D:7      | Noticed Maggie
  6177 | D:7      | Killed Maggie
  6178 | D:7      | Reached skill level 10 in Armour
  6221 | D:7      | Reached ** piety under Cheibriados
  6369 | D:7      | Found Zaifuff's General Store.
  6398 | D:7      | Bought a potion of curing for 33 gold pieces
  6500 | D:7      | Bought a scroll of identify for 22 gold pieces
  6500 | D:7      | Bought a scroll of identify for 22 gold pieces
  6500 | D:7      | Bought a scroll of identify for 22 gold pieces
  6760 | D:7      | Reached *** piety under Cheibriados
  7176 | D:8      | Found a staircase to the Lair.
  7192 | D:8      | Reached XP level 10. HP: 78/86 MP: 9/9
  7194 | Lair:1   | Entered Level 1 of the Lair of Beasts
  7201 | Lair:1   | Noticed a cane toad
  7215 | D:8      | Killed a cane toad
  7540 | D:8      | Found a transporter.
  7544 | D:8      | Found a transporter.
  7546 | D:8      | Noticed a boulder beetle
  7585 | D:8      | Killed a boulder beetle
  7762 | D:8      | Paralysed by a hornet for 1 turns
  7829 | D:8      | Identified a scroll of acquirement
  8112 | D:9      | Reached **** piety under Cheibriados
  8276 | D:9      | Noticed a gargoyle
  8279 | D:9      | Killed a gargoyle
  8280 | D:9      | Reached skill level 10 in Fighting
  8370 | D:9      | Reached XP level 11. HP: 99/99 MP: 10/10
  8540 | D:9      | Noticed a two-headed ogre
  8540 | D:9      | Noticed a two-headed ogre
  8545 | D:9      | Noticed a two-headed ogre
  8554 | D:9      | Killed a two-headed ogre
  8564 | D:9      | Killed a two-headed ogre
  8680 | D:9      | Killed a two-headed ogre
  8956 | D:10     | Entered Level 10 of the Dungeon
  8961 | D:10     | Identified the +4 chain mail "Furchami" {Str+3}
  9016 | D:10     | Found a bloodstained altar of Trog.
  9154 | D:10     | Noticed Fannar
  9157 | D:10     | Found a staircase to the Orcish Mines.
  9158 | D:10     | Noticed a deep elf pyromancer
  9173 | D:10     | Killed Fannar
  9181 | D:10     | Killed a deep elf pyromancer
  9288 | D:10     | Noticed a two-headed ogre
  9293 | D:10     | Killed a two-headed ogre
  9294 | D:10     | Reached skill level 5 in Dodging
  9842 | D:11     | Reached ***** piety under Cheibriados
  9922 | D:11     | Found Kiol's Distillery.
  9930 | D:11     | Bought a potion of heal wounds for 65 gold pieces
  9930 | D:11     | Bought a potion of heal wounds for 65 gold pieces
 10064 | D:11     | Found a glowing golden altar of the Shining One.
 10167 | D:11     | Noticed a centaur warrior
 10175 | D:11     | Killed a centaur warrior
 10176 | D:11     | Reached XP level 12. HP: 85/113 MP: 11/11
 10399 | D:11     | Noticed a boulder beetle
 10412 | D:11     | Killed a boulder beetle
 10456 | D:12     | Reached skill level 15 in Armour
 11027 | D:12     | Noticed a two-headed ogre
 11036 | D:12     | Killed a two-headed ogre
 11521 | D:12     | Noticed Psyche
 11524 | D:12     | Killed Psyche
 11781 | D:13     | Noticed a tengu warrior
 12161 | Lair:1   | Noticed Gastronok
 12177 | Lair:1   | Killed Gastronok
 12363 | Lair:1   | Identified the +3 war axe of Gallantry {vorpal, *Slow rN+
                  | Dex+4}
 12453 | Lair:1   | Reached ****** piety under Cheibriados
 12668 | Lair:2   | Noticed Sonja
 12681 | Lair:2   | Killed Sonja
 12726 | Lair:2   | Reached XP level 13. HP: 117/125 MP: 12/12
 13031 | Lair:2   | Reached skill level 15 in Fighting
 13033 | Lair:2   | Found a hole to the Spider Nest.
 13092 | Lair:2   | Found a staircase to the Shoals.
 13534 | Lair:3   | Found a gate leading to a gauntlet.
 13548 | Gauntlet | Entered a Gauntlet
 13548 | Gauntlet | Found a transporter.
 13548 | Gauntlet | Found a runed translucent gate.
 13548 | Gauntlet | Found a runed translucent gate.
 13550 | Gauntlet | Found a runed translucent gate.
 13555 | Gauntlet | Found a transporter.
 13557 | Gauntlet | Found a transporter.
 13570 | Gauntlet | Found a transporter.
 13571 | Gauntlet | Found a transporter.
 13574 | Gauntlet | Found a runed translucent door.
 13575 | Gauntlet | Found a runed translucent door.
 13578 | Gauntlet | Found a transporter.
 13594 | Gauntlet | Found a transporter.
 13603 | Gauntlet | Noticed a dire elephant
 13605 | Gauntlet | Found a transporter.
 13615 | Gauntlet | Found a transporter.
 13621 | Gauntlet | Found a transporter.
 13639 | Gauntlet | Found a transporter.
 13650 | Gauntlet | Found a transporter.
 13650 | Gauntlet | Found a transporter.
 13706 | Gauntlet | Found a transporter.
 13858 | Gauntlet | Noticed a spark wasp
 13858 | Gauntlet | a five-headed hydra changed into a spark wasp
 13860 | Gauntlet | Noticed a fire dragon
 13860 | Gauntlet | a spark wasp changed into a fire dragon
 13875 | Gauntlet | a fire dragon changed into a wolf spider
 13881 | Gauntlet | Noticed a fire dragon
 13888 | Gauntlet | Killed a fire dragon
 13900 | Gauntlet | Got Coam's Collected Works on the Voyage and Transformation
 13923 | Gauntlet | Killed a dire elephant
 13964 | Gauntlet | Identified the ring "Xoweill" {rElec rC+ rCorr Slay+3}
 13964 | Gauntlet | Noticed a minotaur
 14000 | Gauntlet | Identified the +4 kite shield of Honour {Regen+}
 14020 | Gauntlet | Killed a minotaur
 14102 | Gauntlet | Identified the +0 robe of Death's Door {Str+2}
 14711 | Lair:4   | Reached skill level 1 in Invocations
 14716 | Lair:4   | Reached skill level 5 in Shields
 14904 | Lair:4   | Noticed Josephine
 14913 | Lair:4   | Killed Josephine
 15586 | Lair:5   | Found a dark tunnel.
 15591 | Volcano  | Entered a volcano
 15744 | Volcano  | Reached XP level 14. HP: 117/137 MP: 15/15
 16376 | Lair:5   | Reached skill level 10 in Shields
 16913 | Lair:5   | Found a staircase to the Slime Pits.
 17240 | Lair:6   | Entered Level 6 of the Lair of Beasts
 17807 | Lair:6   | Reached skill level 5 in Invocations
 17976 | Lair:6   | Reached XP level 15. HP: 145/145 MP: 17/17
 18284 | D:13     | Noticed Urug
 18317 | D:13     | Killed Urug
 18591 | D:13     | Found a sacrificial altar of Ru.
 18974 | D:13     | Reached skill level 15 in Shields
 19196 | D:14     | Found a runed translucent gate.
 19197 | D:14     | Found a runed translucent gate.
 19198 | D:14     | Found a runed translucent gate.
 19208 | D:14     | Noticed TimeIsEndless's ghost (journeyman VSFi)
 19258 | D:14     | Killed TimeIsEndless's ghost
 19829 | D:14     | Found a gate to the Vaults.
 19838 | D:14     | Cast into level 2 of the Abyss (a wizard)
 19865 | Abyss:2  | Identified the +2 glaive of World Downfall {vorpal, rElec
                  | Will+ Stlth-}
 19871 | Abyss:2  | Acquired 841 gold pieces
 19873 | Abyss:2  | Acquired 663 gold pieces
 20078 | Abyss:2  | Noticed a tentacled starspawn
 20088 | Abyss:2  | Killed a tentacled starspawn
 20092 | Abyss:2  | Paralysed by accursed screaming for 1 turns
 20173 | Abyss:2  | Found a corrupted altar of Lugonu.
 20268 | Abyss:3  | Noticed a tentacled starspawn
 20276 | Abyss:3  | Killed a tentacled starspawn
 20345 | D:14     | Escaped the Abyss
 20447 | D:15     | Entered Level 15 of the Dungeon
 20582 | D:15     | Identified the +3 battleaxe of Aghimot {speed, rF- rCorr
                  | Str+5}
 20800 | D:15     | Paralysed by an orc sorcerer for 2 turns
 20813 | D:15     | Reached XP level 16. HP: 157/157 MP: 20/20
 20847 | D:15     | Found a staircase to the Depths.
 20868 | Depths:1 | Entered Level 1 of the Depths
 21376 | D:15     | Found a glowing silver altar of Zin.
 21376 | D:15     | Found a glowing golden altar of the Shining One.
 21377 | D:15     | Found a white marble altar of Elyvilon.
 22251 | Depths:1 | Found a one-way gate to the infinite horrors of the Abyss.
 22270 | Depths:1 | You are sucked into a shaft and drop 1 floor!
 22339 | Depths:1 | Noticed a lich
 22352 | Depths:1 | Killed a lich
 22357 | Depths:1 | Paralysed by something for 2 turns
 22429 | Depths:1 | Found a shadowy altar of Dithmenos.
 22821 | Depths:1 | Found Paofauh's Jewellery Boutique.
 23000 | Depths:1 | Found a gateway to Hell.
 23117 | Depths:1 | Found Gerghi Qintiu's Jewellery Shop.
 23117 | Depths:1 | Found Oriw's Book Shoppe.
 23118 | Depths:1 | Found Sirat's Jewellery Shop.
 23126 | Depths:1 | Bought a manual of Maces & Flails for 1920 gold pieces
 23133 | Depths:1 | Bought the ring "Iburext" {rF+ rC+ Str-3 SInv} for 415 gold
                  | pieces
 23430 | Depths:2 | Found a one-way gate leading to the halls of Pandemonium.
 23541 | Depths:2 | Reached XP level 17. HP: 109/170 MP: 22/22
 23816 | Depths:2 | Found a runed translucent gate.
 23816 | Depths:2 | Found a runed translucent gate.
 23817 | Depths:2 | Found a runed translucent gate.
 23818 | Depths:2 | Noticed TimeIsEndless's ghost (adept FoFi)
 23820 | Depths:2 | Noticed a Brimstone Fiend
 24201 | Depths:2 | Gained mutation: You are frail. (-10% HP) [a cacodemon]
 24205 | Depths:2 | Reached skill level 15 in Maces & Flails
 24205 | Depths:2 | Gained mutation: Your spells are a little easier to cast,
                  | but a little less powerful. [a cacodemon]
 24207 | Depths:2 | Killed a Brimstone Fiend
 24221 | Depths:2 | Killed TimeIsEndless's ghost
 24590 | Orc:1    | Entered Level 1 of the Orcish Mines
 25068 | Orc:2    | Entered Level 2 of the Orcish Mines
 25138 | Orc:2    | Found Soestrem's General Store.
 25262 | Orc:2    | Found Kuipoqik's Magic Scroll Shoppe.
 25262 | Orc:2    | Found Kearia's Distillery.
 25272 | Orc:2    | Found Evad's Weapon Emporium.
 25308 | Orc:2    | Found a staircase to the Elven Halls.
 25575 | Orc:2    | Noticed StikS32's ghost (journeyman MiFi)
 25578 | Orc:2    | Found a runed translucent door.
 25616 | Orc:2    | Killed StikS32's ghost
 26245 | Spider:1 | Entered Level 1 of the Spider Nest
 28820 | Spider:2 | Reached XP level 18. HP: 165/165 MP: 23/23
 29777 | Spider:3 | Noticed Bai Suzhen
 29804 | Spider:3 | Killed Bai Suzhen
 30400 | Spider:4 | Entered Level 4 of the Spider Nest
 30447 | Spider:4 | Noticed Asterion
 30529 | Spider:3 | Killed Asterion
 30602 | Spider:3 | Acquired 403 gold pieces
 30706 | Spider:4 | Acquired 607 gold pieces
 31686 | Spider:4 | Got a gossamer rune of Zot
 32298 | Depths:4 | Entered Level 4 of the Depths
 32385 | Depths:3 | Lost mutation: Your spells are a little easier to cast, but
                  | a little less powerful. [potion of mutation]
 32385 | Depths:3 | Lost mutation: You are frail. (-10% HP) [potion of
                  | mutation]
 32385 | Depths:3 | Gained mutation: You are frail. (-10% HP) [potion of
                  | mutation]
 32385 | Depths:3 | Gained mutation: You are partially covered in large bone
                  | plates. (SH +4) [potion of mutation]
 32417 | Depths:2 | Noticed a golden dragon
 32431 | Depths:2 | Killed a golden dragon
 32654 | Depths:3 | Noticed a tentacled monstrosity
 32666 | Depths:3 | Killed a tentacled monstrosity
 32895 | Depths:3 | Reached XP level 19. HP: 84/165 MP: 25/25
 33118 | Depths:3 | Paralysed by a floating eye for 4 turns
 33146 | Depths:3 | Noticed a caustic shrike
 33165 | Depths:3 | Killed a caustic shrike
 33246 | Depths:3 | Paralysed by a floating eye for 3 turns
 33342 | Depths:3 | Noticed a golden dragon
 33359 | Depths:3 | Killed a golden dragon
 33457 | Depths:3 | Identified the +6 glaive of the Poles {flame, Will+}
 33945 | Depths:3 | Found a burning altar of Makhleb.
 33946 | Depths:3 | Found an opulent altar of Gozag.
 33947 | Depths:3 | Found an opulent altar of Gozag.
 33947 | Depths:3 | Found a bloodstained altar of Trog.
 34039 | Depths:3 | Noticed a juggernaut
 34065 | Depths:3 | Killed a juggernaut
 34324 | Depths:3 | Identified the +1 ring mail of Summertime {rF+ Str+4}
 34457 | Depths:3 | Identified the +5 flail "Tutaask" {vorpal, Drain rCorr MP+9
                  | SInv}
 34510 | Depths:3 | Noticed a golden dragon
 34524 | Depths:3 | Killed a golden dragon
 34787 | Depths:3 | Found a gateway to a ziggurat.
 34975 | Depths:3 | Identified the amulet "Ruchoph" {RegenMP rPois Str+4 Int-3}
 34975 | Depths:3 | Identified the +10 hand crossbow of the Poles {penet, rF++
                  | Str+4 Dex-2}
 35138 | Depths:3 | Reached XP level 20. HP: 144/189 MP: 26/26
 35246 | Depths:3 | Found a blossoming altar of Fedhas.
 35383 | Depths:3 | Found the +8 frozen axe "Frostbite" {freezing cloud, *Noise
                  | Fly rC+}
 35419 | Depths:3 | Identified the +4 hand crossbow of the Lettuce {elec,
                  | Contam Int+8}
 35646 | Depths:4 | Got the Grimoire of Harmful Transmigration
 35886 | Depths:4 | Noticed a bone dragon
 35890 | Depths:4 | Noticed a bone dragon
 35904 | Depths:4 | Killed a bone dragon
 35915 | Depths:4 | Killed a bone dragon
 36012 | Depths:4 | Found a runed translucent door.
 36073 | Depths:4 | Found a runed translucent door.
 36081 | Depths:4 | Found a runed translucent door.
 36082 | Depths:4 | Found a runed translucent door.
 36133 | Depths:4 | Noticed a golden dragon
 36136 | Depths:4 | Noticed a caustic shrike
 36137 | Depths:4 | Noticed a caustic shrike
 36137 | Depths:4 | Noticed a caustic shrike
 36147 | Depths:4 | Killed a caustic shrike
 36152 | Depths:4 | Killed a caustic shrike
 36172 | Depths:4 | Killed a caustic shrike
 36705 | Depths:4 | Killed a golden dragon
 36706 | Depths:4 | Reached skill level 27 in Fighting
 36734 | Depths:4 | Found a runed translucent door.
 36734 | Depths:4 | Found a runed translucent door.
 36885 | Depths:4 | Found a gate to the Realm of Zot.
 36950 | Depths:4 | Reached skill level 10 in Invocations
 37417 | Shoals:1 | Entered Level 1 of the Shoals
 37488 | Shoals:1 | Found a frozen archway.
 37524 | Shoals:1 | Found Vugad's Magic Scroll Shop.
 37533 | IceCv    | Entered an ice cave
 37654 | IceCv    | Identified the +0 chain mail of Hoin {rF+ Int+6}
 37915 | IceCv    | Identified the +1 helmet of Lutzawax {Will+ MP+9}
 38083 | IceCv    | Reached XP level 21. HP: 201/201 MP: 27/27
 39110 | Shoals:2 | Upgraded the game from 0.28-a0-704-g4d584c6bc1 to
                  | 0.28-a0-722-gc0678643b6
 39910 | Shoals:3 | Noticed Louise
 39923 | Shoals:3 | Killed Louise
 40526 | Shoals:3 | Found a runed translucent gate.
 40526 | Shoals:3 | Found a runed translucent gate.
 40526 | Shoals:3 | Found a runed translucent gate.
 40527 | Shoals:3 | Noticed Dienesei's ghost (adept MiBe)
 40552 | Shoals:3 | Killed Dienesei's ghost
 40700 | Shoals:4 | Entered Level 4 of the Shoals
 40700 | Shoals:4 | Found a shimmering altar of Xom.
 40720 | Shoals:4 | Paralysed by an air elemental for 1 turns
 40753 | Shoals:4 | Paralysed by an air elemental for 1 turns
 40843 | Shoals:4 | Paralysed by an air elemental for 1 turns
 41546 | Shoals:4 | Got a barnacled rune of Zot
 42060 | Elf:1    | Entered Level 1 of the Elven Halls
 42808 | Elf:1    | Got the Catalogue of Heat
 42819 | Elf:1    | Got Sif Muna's Handbook of Earth
 42960 | Elf:2    | Reached XP level 22. HP: 171/209 MP: 29/29
 43082 | Elf:2    | Found Sirphuiss's Antique Armour Emporium.
 43360 | Elf:2    | Paralysed by an air elemental for 1 turns
 43632 | Elf:2    | Found a runed translucent gate.
 43633 | Elf:2    | Found a runed translucent gate.
 43633 | Elf:2    | Found a runed translucent gate.
 43680 | Elf:2    | Cast into level 2 of the Abyss (+6 war axe of distortion)
 44063 | Elf:2    | Escaped the Abyss
 44529 | Elf:3    | Entered Level 3 of the Elven Halls
 45004 | Elf:3    | Reached skill level 5 in Stealth
 45015 | Elf:3    | Found Ehierat's Assorted Antiques.
 45521 | Elf:3    | Identified the ring "Etut" {rC- rN++ rCorr EV+4 Str+4}
 45643 | Elf:3    | Got the Guide on Vitriolic Summoning
 45668 | Elf:3    | Found the +7 lajatang of Order {silver, rMut}
 45670 | Elf:3    | Identified the +7 short sword of the Desolation of Salt
                  | {venom, rPois Dex+4}
 45674 | Elf:3    | Got the Volume of Flight and Ice
 45689 | Elf:3    | Identified the +5 trident of Cicil {holy, rF+ rCorr Str-5}
 45697 | Elf:3    | Identified the +4 long sword "Emucin" {vorpal, rN+}
 46503 | Slime:1  | Entered Level 1 of the Pits of Slime
 48374 | Slime:3  | Gained mutation: You tend to lose your temper in combat. [a
                  | shining eye]
 48376 | Slime:3  | Gained mutation: You do not regenerate when monsters are
                  | visible. [a shining eye]
 48388 | Slime:3  | Reached XP level 23. HP: 216/216 MP: 30/30
 48391 | Slime:3  | Gained mutation: Your spells are a little easier to cast,
                  | but a little less powerful. [a shining eye]
 48395 | Slime:3  | Gained mutation: You are weak. (Str -2) [a shining eye]
 48850 | Slime:5  | Entered Level 5 of the Pits of Slime
 48855 | Slime:5  | Gained mutation: You are clumsy. (Dex -2) [a shining eye]
 48856 | Slime:5  | Lost mutation: You are frail. (-10% HP) [a shining eye]
 48858 | Slime:5  | Gained mutation: You occasionally shout uncontrollably at
                  | your foes. [a shining eye]
 48863 | Slime:5  | Gained mutation: You have a somewhat thin skeletal
                  | structure. (Dex +2, Stealth+) [a shining eye]
 48877 | Slime:5  | Noticed the Royal Jelly
 48879 | Slime:5  | Lost mutation: You are clumsy. (Dex -2) [potion of
                  | mutation]
 48879 | Slime:5  | Lost mutation: Your spells are a little easier to cast, but
                  | a little less powerful. [potion of mutation]
 48893 | Slime:5  | Killed the Royal Jelly
 48931 | Slime:5  | Reached skill level 27 in Maces & Flails
 49007 | Slime:5  | Gained mutation: Your body sometimes deteriorates upon
                  | taking damage. [a shining eye]
 49009 | Slime:5  | Gained mutation: You are frail. (-10% HP) [a shining eye]
 49010 | Slime:5  | Gained mutation: Your body often deteriorates upon taking
                  | damage. [a shining eye]
 49392 | Slime:5  | Found the +10 zealot's sword {holy, *Rage rN+ EV+3}
 49409 | Slime:5  | Got a slimy rune of Zot
 49420 | Slime:5  | Got the Collected Works on Poisonous Feathers
 49445 | Slime:5  | Identified the +1 robe of Forking Paths {rF+ Regen+ Str-2
                  | SInv}
 49453 | Slime:5  | Identified the +0 robe of Knowledge {rElec rF+ rC+ Int+2}
 49466 | Slime:5  | Identified the +3 scale mail "Cuuma" {rN+ Str+2}
 49471 | Slime:5  | Identified the +6 flail of Ravage {venom, Str+2 Int+2}
 50142 | Vaults:1 | Entered Level 1 of the Vaults
 50172 | Vaults:1 | Reached skill level 27 in Armour
 50217 | Vaults:1 | Lost mutation: You occasionally shout uncontrollably at
                  | your foes. [potion of mutation]
 50217 | Vaults:1 | Lost mutation: You do not regenerate when monsters are
                  | visible. [potion of mutation]
 50217 | Vaults:1 | Lost mutation: You tend to lose your temper in combat.
                  | [potion of mutation]
 50217 | Vaults:1 | Gained mutation: You have sharp fingernails. [potion of
                  | mutation]
 50565 | Vaults:1 | Reached skill level 10 in Dodging
 50649 | Vaults:1 | Noticed Saint Roka
 50671 | Vaults:1 | Killed Saint Roka
 51802 | Vaults:2 | Reached XP level 24. HP: 224/224 MP: 31/31
 51882 | Vaults:2 | Noticed Nikola
 51895 | Vaults:2 | Killed Nikola
 52348 | Vaults:3 | Found a flickering gateway to a bazaar.
 52354 | Bazaar   | Entered a bazaar
 52354 | Bazaar   | Found Atawe's Jewellery Shoppe.
 52354 | Bazaar   | Found Agiap's Antique Armour Shoppe.
 52354 | Bazaar   | Found Yhuovvua's General Store.
 52356 | Bazaar   | Found Neimabuo's Weapon Emporium.
 52356 | Bazaar   | Found Besti's Distillery.
 52388 | Bazaar   | Bought a potion of curing for 51 gold pieces
 52388 | Bazaar   | Bought a potion of curing for 51 gold pieces
 52388 | Bazaar   | Bought a potion of heal wounds for 85 gold pieces
 52388 | Bazaar   | Bought a potion of curing for 51 gold pieces
 52388 | Bazaar   | Bought a potion of resistance for 170 gold pieces
 52388 | Bazaar   | Bought a potion of resistance for 170 gold pieces
 52401 | Bazaar   | Bought the amulet "Ynus" {rF+ rC+ Regen+ MP+9 Dex+3} for
                  | 1219 gold pieces
 52415 | Bazaar   | Bought a pair of glowing gloves for 187 gold pieces
 53189 | Vaults:2 | Found a staircase to the Crypt.
 53199 | Crypt:1  | Entered Level 1 of the Crypt
 53381 | Vaults:2 | Identified the +8 great sword of the Inferno {pain, rElec
                  | rF+ Dex+4}
 53536 | Vaults:3 | Identified the +0 leather armour "Hischy Xeixa" {rF+ rC+
                  | Int+4 Dex+4}
 55062 | Vaults:4 | Found a gateway to a bazaar.
 55073 | Bazaar   | Entered a bazaar
 55093 | Bazaar   | Found Vaetziy's Weapon Emporium.
 55115 | Bazaar   | Found Xeorphoikk's Antique Weapon Shoppe.
 55147 | Bazaar   | Found Gaah's General Store.
 55157 | Bazaar   | Found Fuasuiru's Armour Shoppe.
 55168 | Bazaar   | Found Ithehi's Armour Emporium.
 56249 | Vaults:5 | Entered Level 5 of the Vaults
 56413 | Vaults:5 | Noticed Sojobo
 56431 | Vaults:5 | Identified the amulet "Cyteiqac" {Spirit Slay+3}
 56452 | Vaults:4 | Reached XP level 25. HP: 55/231 MP: 31/31
 56565 | Vaults:5 | Paralysed by an air elemental for 1 turns
 56570 | Vaults:5 | Paralysed by an air elemental for 1 turns
 56575 | Vaults:5 | Paralysed by an air elemental for 1 turns
 56583 | Vaults:5 | Paralysed by an air elemental for 1 turns
 56594 | Vaults:4 | Killed Sojobo
 57138 | Vaults:5 | Found Ysteesch's Jewellery Boutique.
 57149 | Vaults:5 | Got a silver rune of Zot
 57191 | Vaults:5 | Identified the +2 flail of Wrath {vorpal, *Slow Str+6 SInv
                  | Stlth+}
 57231 | Vaults:5 | Identified the +10 battleaxe of Equilibrium {vorpal,
                  | Fragile rPois Int+6 Dex-2}
 57258 | Vaults:5 | Identified the +2 leather armour "Qoedempi" {Int+3}
 57402 | Vaults:5 | Found Rad Jife's Armour Shop.
 57419 | Vaults:5 | Bought a +1 pair of gloves of stealth for 247 gold pieces
 57419 | Vaults:5 | Bought the +1 cloak of Starlight {*Dazzle EV+4 Stlth--} for
                  | 457 gold pieces
 57419 | Vaults:5 | Found the +1 cloak of Starlight {*Dazzle EV+4 Stlth--}
 57564 | Vaults:5 | Identified the +6 demon trident "Comef" {freeze, Str+2
                  | Int+2}
 57582 | Vaults:5 | Identified the +1 chain mail "Isouwkab" {Harm Will+ Str+4}
 58842 | Crypt:2  | Noticed Frederick
 58842 | Crypt:2  | Noticed Mara
 58842 | Crypt:2  | Noticed Jory
 58847 | Crypt:3  | Entered Level 3 of the Crypt
 59111 | Crypt:2  | Identified the +9 spear "Yfaopp" {flame, rC+}
 59217 | Crypt:2  | Killed Frederick
 59252 | Crypt:2  | Noticed StikS32's illusion
 59283 | Crypt:2  | Killed Mara
 59340 | Crypt:2  | Identified the +3 quarterstaff "Death Rattle" {freeze,
                  | rElec Int+4 Stlth+}
 59450 | Crypt:2  | Killed Jory
 60282 | Crypt:3  | Found an ancient bone altar of Kikubaaqudgha.
 60282 | Crypt:3  | Noticed an ancient lich
 60289 | Crypt:3  | Killed an ancient lich
 60324 | Crypt:3  | Found a staircase to the Tomb.
 60324 | Crypt:3  | Found the +13 scythe of Curses {drain, Drain}
 60333 | Crypt:3  | Identified the +3 war axe of the Scavenger {vamp, rF- rN+
                  | Int+3}
 60822 | Crypt:3  | Reached XP level 26. HP: 231/239 MP: 31/31
 60978 | Tomb:1   | Entered Level 1 of the Tomb of the Ancients
 61475 | Tomb:1   | Noticed a royal mummy
 61486 | Tomb:1   | Killed a royal mummy
 61524 | Tomb:1   | Noticed a royal mummy
 61541 | Tomb:1   | Killed a royal mummy
 62506 | Zot:1    | Entered Level 1 of the Realm of Zot
 62617 | Zot:1    | Reached skill level 27 in Shields
 62874 | Zot:1    | Reached skill level 15 in Dodging
 63454 | Zot:1    | Lost mutation: Your body often deteriorates upon taking
                  | damage. [potion of mutation]
 63454 | Zot:1    | Lost mutation: You are weak. (Str -2) [potion of mutation]
 63454 | Zot:1    | Lost mutation: You are partially covered in large bone
                  | plates. (SH +4) [potion of mutation]
 63454 | Zot:1    | Gained mutation: You are occasionally teleported next to
                  | monsters. [potion of mutation]
 63454 | Zot:1    | Gained mutation: You are partially covered in large bone
                  | plates. (SH +4) [potion of mutation]
 63454 | Zot:1    | Gained mutation: You have a pair of large horns on your
                  | head. [potion of mutation]
 63454 | Zot:1    | Gained mutation: You expend magic power (3 MP) to
                  | strengthen your wands. [potion of mutation]
 63703 | Zot:1    | Lost mutation: You are frail. (-10% HP) [potion of
                  | mutation]
 63703 | Zot:1    | Lost mutation: Your body sometimes deteriorates upon taking
                  | damage. [potion of mutation]
 63703 | Zot:1    | Lost mutation: You have a pair of large horns on your head.
                  | [potion of mutation]
 63703 | Zot:1    | Gained mutation: Your body sometimes deteriorates upon
                  | taking damage. [potion of mutation]
 63703 | Zot:1    | Gained mutation: Your flesh is heat resistant. (rF+)
                  | [potion of mutation]
 63703 | Zot:1    | Gained mutation: You have a pair of large horns on your
                  | head. [potion of mutation]
 64036 | D:11     | Bought a potion of mutation for 104 gold pieces
 64036 | D:11     | Bought a potion of might for 52 gold pieces
 64036 | D:11     | Bought a potion of curing for 39 gold pieces
 64105 | Orc:2    | Bought a potion of mutation for 96 gold pieces
 64105 | Orc:2    | Bought a potion of heal wounds for 60 gold pieces
 64121 | Orc:2    | Bought a potion of mutation for 96 gold pieces
 64147 | Orc:2    | Bought a scroll of blinking for 75 gold pieces
 64147 | Orc:2    | Bought a scroll of enchant weapon for 75 gold pieces
 64147 | Orc:2    | Bought a scroll of enchant weapon for 75 gold pieces
 64147 | Orc:2    | Bought a scroll of blinking for 75 gold pieces
 64147 | Orc:2    | Bought a scroll of teleportation for 30 gold pieces
 64221 | Elf:3    | Bought 2 potions of mutation for 592 gold pieces
 64645 | Zot:2    | Lost mutation: You have sharp fingernails. [potion of
                  | mutation]
 64645 | Zot:2    | Lost mutation: Your body sometimes deteriorates upon taking
                  | damage. [potion of mutation]
 64645 | Zot:2    | Gained mutation: You are weak. (Str -2) [potion of
                  | mutation]
 64645 | Zot:2    | Gained mutation: Your mind is acute. (Int +2) [potion of
                  | mutation]
 64651 | Zot:2    | Lost mutation: You expend magic power (3 MP) to strengthen
                  | your wands. [potion of mutation]
 64651 | Zot:2    | Lost mutation: You are weak. (Str -2) [potion of mutation]
 64651 | Zot:2    | Lost mutation: Your flesh is heat resistant. (rF+) [potion
                  | of mutation]
 64651 | Zot:2    | Gained mutation: Your system is resistant to poisons.
                  | (rPois) [potion of mutation]
 64651 | Zot:2    | Gained mutation: You are partially covered in iridescent
                  | scales. (AC +2) [potion of mutation]
 64731 | Zot:2    | Noticed an orb of fire
 64733 | Zot:2    | Gained mutation: You are frail. (-10% HP) [an orb of fire]
 64736 | Zot:2    | Gained mutation: You sometimes lose the ability to read
                  | scrolls when taking damage. [an orb of fire]
 64746 | Zot:2    | Lost mutation: Your mind is acute. (Int +2) [an orb of
                  | fire]
 64758 | Zot:2    | Killed an orb of fire
 64766 | Zot:2    | Lost mutation: You have a pair of large horns on your head.
                  | [potion of mutation]
 64766 | Zot:2    | Lost mutation: You sometimes lose the ability to read
                  | scrolls when taking damage. [potion of mutation]
 64766 | Zot:2    | Gained mutation: You are covered in fur. (AC +1) [potion of
                  | mutation]
 64766 | Zot:2    | Lost mutation: You are frail. (-10% HP) [potion of
                  | mutation]
 65228 | Zot:2    | Found the ring of the Octopus King
 65233 | Zot:2    | Identified a ring of the Octopus King {rCorr AC+1 EV+1
                  | Str+1 Int+1 Dex+1}
 65394 | Zot:3    | Identified the +12 arbalest of Juopn {elec, *Slow rF+
                  | Str+4}
 65499 | Zot:3    | Identified the +6 great sword of Qonimaha {protect, rC+
                  | rN+}
 65523 | Zot:3    | You are sucked into a shaft and drop 1 floor!
 65580 | Zot:5    | Entered Level 5 of the Realm of Zot
 66379 | Zot:3    | Reached XP level 27. HP: 273/273 MP: 31/31
 66698 | Zot:4    | Identified the +12 mace of Watesyb {flame, Fragile Int+2
                  | Stlth+}
 67342 | Zot:5    | Noticed an orb of fire
 67342 | Zot:5    | Noticed an orb of fire
 67344 | Zot:5    | Noticed an orb of fire
 67349 | Zot:5    | Gained mutation: Armour fits poorly on your strangely
                  | shaped body. [an orb of fire]
 67350 | Zot:5    | Gained mutation: You are clumsy. (Dex -2) [an orb of fire]
 67351 | Zot:5    | Gained mutation: You are frail. (-10% HP) [an orb of fire]
 67351 | Zot:5    | Gained mutation: You are very clumsy. (Dex -4) [an orb of
                  | fire]
 67353 | Zot:5    | Noticed an orb of fire
 67354 | Zot:5    | Gained mutation: Your spells are a little easier to cast,
                  | but a little less powerful. [an orb of fire]
 67357 | Zot:5    | Killed an orb of fire
 67370 | Zot:5    | Gained mutation: You are very frail. (-20% HP) [an orb of
                  | fire]
 67372 | Zot:5    | Gained mutation: You are extremely frail. (-30% HP) [an orb
                  | of fire]
 67375 | Zot:5    | Gained mutation: You have hidden genetic defects. [an orb
                  | of fire]
 67379 | Zot:5    | Killed an orb of fire
 67380 | Zot:5    | Gained mutation: Potions are less effective at restoring
                  | your health. [an orb of fire]
 67382 | Zot:5    | Gained mutation: Your body sometimes deteriorates upon
                  | taking damage. [an orb of fire]
 67384 | Zot:5    | Killed an orb of fire
 67384 | Zot:5    | Gained mutation: Your body often deteriorates upon taking
                  | damage. [an orb of fire]
 67388 | Zot:5    | Killed an orb of fire
 67400 | Zot:5    | Noticed an orb of fire
 67400 | Zot:5    | Noticed an orb of fire
 67403 | Zot:5    | Noticed an orb of fire
 67407 | Zot:5    | Gained mutation: You are weak. (Str -2) [an orb of fire]
 67410 | Zot:5    | Gained mutation: You have terrible hidden genetic defects.
                  | [an orb of fire]
 67416 | Zot:5    | Lost mutation: Potions are less effective at restoring your
                  | health. [an orb of fire]
 67421 | Zot:5    | Noticed a dread lich
 67422 | Zot:5    | Noticed an orb of fire
 67427 | Zot:5    | Gained mutation: You are dopey. (Int -2) [an orb of fire]
 67429 | Zot:5    | Killed an orb of fire
 67481 | Zot:5    | Lost mutation: You are partially covered in iridescent
                  | scales. (AC +2) [potion of mutation]
 67481 | Zot:5    | Lost mutation: You are dopey. (Int -2) [potion of mutation]
 67481 | Zot:5    | Lost mutation: You are very clumsy. (Dex -4) [potion of
                  | mutation]
 67481 | Zot:5    | Gained mutation: Your skin changes colour to match your
                  | surroundings (Stealth+). [potion of mutation]
 67482 | Zot:5    | Lost mutation: Your body often deteriorates upon taking
                  | damage. [potion of mutation]
 67482 | Zot:5    | Lost mutation: You are occasionally teleported next to
                  | monsters. [potion of mutation]
 67482 | Zot:5    | Lost mutation: Your spells are a little easier to cast, but
                  | a little less powerful. [potion of mutation]
 67482 | Zot:5    | Gained mutation: You are mostly covered in large bone
                  | plates. (SH +6) [potion of mutation]
 67483 | Zot:5    | Lost mutation: Your body sometimes deteriorates upon taking
                  | damage. [potion of mutation]
 67483 | Zot:5    | Lost mutation: You are weak. (Str -2) [potion of mutation]
 67483 | Zot:5    | Lost mutation: You are covered in fur. (AC +1) [potion of
                  | mutation]
 67484 | Zot:5    | Lost mutation: You have a somewhat thin skeletal structure.
                  | (Dex +2, Stealth+) [potion of mutation]
 67484 | Zot:5    | Lost mutation: You are extremely frail. (-30% HP) [potion
                  | of mutation]
 67484 | Zot:5    | Lost mutation: You are very frail. (-20% HP) [potion of
                  | mutation]
 67484 | Zot:5    | Gained mutation: Your muscles are strong. (Str +2) [potion
                  | of mutation]
 67683 | Zot:5    | Found a runed translucent gate.
 67683 | Zot:5    | Found a runed translucent gate.
 67684 | Zot:5    | Found a runed translucent gate.
 67687 | Zot:5    | Noticed Teqoj's ghost (legendary MiBe)
 67727 | Zot:5    | Killed Teqoj's ghost
 67946 | Zot:5    | Gained mutation: You are very clumsy. (Dex -4) [hidden
                  | defects]
 68103 | Zot:5    | Killed an orb of fire
 68194 | Zot:5    | Gained mutation: You are dopey. (Int -2) [an orb of fire]
 68196 | Zot:5    | Lost mutation: Your muscles are strong. (Str +2) [an orb of
                  | fire]
 68198 | Zot:5    | Killed an orb of fire
 68206 | Zot:5    | Gained mutation: You are weak. (Str -2) [an orb of fire]
 68210 | Zot:5    | Gained mutation: Your magical capacity is low. (-10% MP)
                  | [an orb of fire]
 68213 | Zot:5    | Killed an orb of fire
 68509 | Zot:5    | Gained mutation: You occasionally shout uncontrollably at
                  | your foes. [hidden defects]
 68509 | Zot:5    | Lost mutation: You have terrible hidden genetic defects.
                  | [hidden defects expressed]
 68783 | Zot:5    | Paralysed by a Zot trap for 2 turns
 68856 | Zot:5    | Killed a dread lich
 69228 | Depths:4 | Voluntarily entered the Abyss.
 69320 | Abyss:2  | Found a corrupted altar of Lugonu.
 69321 | Abyss:2  | Found a corrupted altar of Lugonu.
 69361 | Abyss:2  | Gained mutation: Your body sometimes deteriorates upon
                  | taking damage. [a neqoxec]
 69441 | Abyss:2  | Gained mutation: You tend to lose your temper in combat.
                  | [hidden defects]
 69592 | Abyss:3  | Acquired the +10 tower shield of Ignorance {rN+ Int-4}
 69592 | Abyss:3  | Found the +10 tower shield of Ignorance {rN+ Int-4}
 69730 | Abyss:4  | Found a corrupted altar of Lugonu.
 69789 | Abyss:4  | Acquired a manual of Necromancy
 70163 | Abyss:4  | Reached skill level 15 in Invocations
 70282 | Abyss:4  | Gained mutation: You often lose your temper in combat. [a
                  | neqoxec]
 70283 | Abyss:4  | Gained mutation: You are very dopey. (Int -4) [a neqoxec]
 70290 | Abyss:4  | Found a hide-covered altar of Uskayaw.
 70540 | Abyss:4  | Gained mutation: Your body often deteriorates upon taking
                  | damage. [hidden defects]
 70540 | Abyss:4  | Lost mutation: You have hidden genetic defects. [hidden
                  | defects expressed]
 70550 | Abyss:4  | Found a corrupted altar of Lugonu.
 70721 | Abyss:4  | Gained mutation: Your magical capacity is very low. (-20%
                  | MP) [a cacodemon]
 70806 | Abyss:4  | Gained mutation: You do not regenerate when monsters are
                  | visible. [a neqoxec]
 70883 | Abyss:4  | Got an abyssal rune of Zot
 70884 | Abyss:4  | Noticed a dread lich
 71116 | Abyss:4  | Paralysed by accursed screaming for 1 turns
 71129 | Abyss:4  | Paralysed by accursed screaming for 1 turns
 71137 | Abyss:4  | Lost mutation: Your magical capacity is very low. (-20% MP)
                  | [potion of mutation]
 71137 | Abyss:4  | Lost mutation: You are very dopey. (Int -4) [potion of
                  | mutation]
 71137 | Abyss:4  | Lost mutation: Armour fits poorly on your strangely shaped
                  | body. [potion of mutation]
 71137 | Abyss:4  | Gained mutation: You have a pair of large horns on your
                  | head. [potion of mutation]
 71167 | Abyss:4  | Found a corrupted altar of Lugonu.
 71316 | Depths:4 | Escaped the Abyss
 71608 | Zot:5    | Got the Orb of Zot
 71645 | Zot:5    | Noticed Sumejed the pandemonium lord
 71683 | Zot:5    | Noticed Micvu the pandemonium lord
 71713 | Zot:5    | Noticed a seraph
 72553 | D:$      | Escaped with the Orb!

Illustrated notes

Levels and vault maps discovered:
D:1:      lightli_arrival_boilingwater, layout_loops_cross
D:2:      layout_basic, grunt_ministairs_4
D:3:      layout_rooms, basic_ecumenical_altar, minmay_goblin_outpost, uniq_ijyb
D:4:      minmay_chambers_of_twos, layout_layer_cave, minmay_temple_entry_wispy,
          serial_forest, infiniplex_forest_lined_3_way,
          infiniplex_forest_lined_corner, infiniplex_forest_clump_cross,
          infiniplex_forest_clump_tiny, infiniplex_forest_end_2,
          infiniplex_forest_straight_2, infiniplex_forest_clump_cross,
          infiniplex_forest_zigzag_1, infiniplex_forest_end_3,
          infiniplex_forest_clump_small, st_stairs_7, kennysheep_crisscross,
          minivault_19, minmay_manual_mail, uniq_sigmund
D:5:      layout_cave_pods, serial_rivers, chequers_serial_rivers_small_a,
          chequers_serial_rivers_small_3, chequers_serial_rivers_micro_a,
          chequers_serial_rivers_small_b, chequers_serial_rivers_micro_e,
          guppyfry_shop_venom, uniq_prince_ribbit1
D:6:      layout_rooms
D:7:      layout_gridville, serial_shops,
          nicolae_shop_competitors_out_of_business, kennysheep_generic_room_11,
          uniq_maggie
D:8:      gammafunk_boulding_lane, layout_basic, lair_entry_dummy
D:9:      lemuel_ogre_cave, layout_irregular_city
D:10:     layout_stronghold, trog_three_pillars_becter, david_orc_3, uniq_fannar
D:11:     layout_loops_cross, serial_shops, shop_fountains, tso_oasis_becter
D:12:     layout_basic, chequers_serial_rivers_micro_a, minmay_holes,
          uniq_psyche
D:13:     layout_loops_ring, hangedman_ru_absence, uniq_urug
D:14:     layout_big_octagon, grunt_vaults_entry_tiered, minivault_23,
          maelrawn_ghost_gauntlet_escape
D:15:     grunt_enter_depths_magical_seal, layout_basic, good_gods_mini_temple
Temple:   kilobyte_greek_temple
Lair:1:   layout_long_grid, grunt_megastairs_2, lemuel_fruit_tree,
          uniq_gastronok
Lair:2:   layout_long_grid, minmay_shoals_entry_centaurs, spider_nest_entry_a,
          uniq_sonja
Lair:3:   layout_big_grid, gauntlet_entry_generic
Lair:4:   layout_cave_pods, guppyfry_lair_drakes, uniq_josephine
Lair:5:   layout_hall_layers, dpeg_slime_entry_corner, enter_volcano_4,
          chequers_serial_rivers_small_b
Lair:6:   hangedman_lair_tendril_chambers, layout_big_grid,
          minmay_lair_drake_nest
Shoals:1: layout_shoals, serial_shops, nicolae_shop_crystal,
          portal_ice_cave_entry_ice_statue_two,
          nicolae_shoals_lost_giant_pillars
Shoals:2: layout_shoals
Shoals:3: layout_shoals, gammafunk_ghost_necromancy, serial_shops, statue_bzr,
          uniq_louise
Shoals:4: shoals_end_hellmonk_storm_palace [storm_palace_center_ruins,
          storm_palace_corner_pillars, storm_palace_corner_altar,
          storm_palace_corner_reverse_hut, storm_palace_corner_pillars]
Spider:1: layout_spider_delve
Spider:2: spiders_nest_scorpion_pit, hangedman_spider_tarantella_strand
Spider:3: layout_spider_delve, uniq_bai_suzhen
Spider:4: spider_rune_water, uniq_asterion
Slime:1:  layout_caves
Slime:2:  layout_caves, nicolae_slime_phagocytosis
Slime:3:  layout_caves
Slime:4:  layout_caves
Slime:5
Orc:1:    nicolae_orc_accident_3, layout_caves
Orc:2:    st_orc_open, layout_caves, hellmonk_ghost_happy_afterlife
Elf:1:    eino_elf_arrival_shootout, layout_geoelf_diagonals, minivault_28,
          nicolae_elf_elemental_lessons
Elf:2:    nicolae_elf_blades_crystal_corner, layout_gridlike, serial_shops,
          nicolae_shop_trees
Elf:3:    minmay_elf_hall, layout_geoelf_castle, serial_shops,
          nicolae_shop_trees
Vaults:1: v_misc_24, ontoclasm_vaults_pinch, nicolae_vaults_big_ls,
          vaults_dpeg_cross, nicolae_vaults_asterisk, nicolae_vaults_meeting,
          ontoclasm_vaults_shuriken, vaults_room_ringed_pool,
          grunt_vaults_swirl, v_misc_19, v_rooms_6,
          nicolae_vaults_border_crossing, v_misc_27, hangedman_vaults_trim,
          layout_vaults_big_cross, uniq_saint_roka
Vaults:2: nicolae_vaults_three_branches, nicolae_vaults_ninety_degrees,
          nicolae_vaults_triangles, hangedman_vaults_variations,
          minmay_crypt_entry_nasty_monster, v_misc_16,
          nicolae_vaults_little_squares_2, vaults_dpeg_ring,
          nicolae_vaults_mini_display_case, nicolae_vaults_network_barrier,
          st_cells, v_misc_17, nicolae_vaults_diagonal_hallway_7,
          layout_vaults_omnibox, uniq_nikola
Vaults:3: v_rooms_2, vaults_standard_mumra_x, hangedman_vaults_snaps,
          vaults_room_pools, nicolae_vaults_statue_guard,
          ontoclasm_vaults_ring_square, v_misc_5, ontoclasm_vaults_ring_small,
          v_pattern_4, hangedman_vaults_restitches,
          ontoclasm_vaults_loading_screen, layout_vaults_chaotic_city,
          serial_shops, bzr_entry_safe
Vaults:4: nicolae_vaults_angled_halls, ontoclasm_vaults_eye,
          hangedman_vaults_nails, nicolae_vaults_network_s,
          ontoclasm_vaults_misaligned, grunt_vaults_hallway_long,
          hangedman_vaults_restitches, ontoclasm_vaults_chip,
          nicolae_vaults_alarming, layout_vaults_ring, serial_shops,
          bzr_in_the_mist
Vaults:5: uniq_margery, uniq_sojobo
Crypt:1:  layout_chaotic_city, hex_medium, minivault_25,
          grunt_crypt_arrival_split, grunt_megastairs_4, lemuel_upstairs_altar
Crypt:2:  layout_misc_corridors, lemuel_elevator, uniq_frederick, uniq_mara,
          uniq_jory
Crypt:3:  cryptofortress_bobbens
Tomb:1
Depths:1: layout_roguey, serial_shops, shop, abyss_entry,
          minmay_misc_feat_doors, pf_hell_entry_tar_spiral,
          nicolae_dithmenos_the_darkroom, minmay_shop_grove,
          serial_bayou_shore_b
Depths:2: minmay_diamond_stairs, layout_gridville, hell_entry,
          biasface_ghost_demon_polymorph, pan_entry, corexii_hall_statues_x,
          kennysheep_generic_room_13
Depths:3: minmay_the_grid_ultimate
          [minmay_the_grid_prize_four_corners_diamond_b,
          minmay_the_grid_prize_shrinking_boxes,
          minmay_the_grid_prize_diamond_cup, minmay_the_grid_prize_trominoes,
          minmay_the_grid_square_5x5_eight, minmay_the_grid_square_5x5_longway,
          minmay_the_grid_square_5x5_sharp_hourglass,
          minmay_the_grid_square_5x5_meh,
          minmay_the_grid_square_5x5_checkered_sparse,
          minmay_the_grid_square_5x5_empty, minmay_the_grid_square_5x5_slash,
          minmay_the_grid_square_5x5_two_small,
          minmay_the_grid_square_5x5_fancy_junction,
          minmay_the_grid_square_5x5_three, minmay_the_grid_square_5x5_minimal,
          minmay_the_grid_square_5x5_hollow_slash,
          minmay_the_grid_square_5x5_inset,
          minmay_the_grid_square_5x5_gyroscope,
          minmay_the_grid_square_5x5_doubleslash,
          minmay_the_grid_triangle_9x9_negative_grid,
          minmay_the_grid_triangle_9x9_alien,
          minmay_the_grid_triangle_9x9_dagger,
          minmay_the_grid_triangle_9x9_semitri,
          minmay_the_grid_triangle_9x9_swiss_cheese,
          minmay_the_grid_triangle_9x9_skeleton,
          minmay_the_grid_triangle_9x9_impossible_snake,
          minmay_the_grid_triangle_9x9_checkered,
          minmay_the_grid_triangle_9x9_pentomino_pain,
          minmay_the_grid_triangle_9x9_warning,
          minmay_the_grid_triangle_9x9_corruption,
          minmay_the_grid_triangle_9x9_steps,
          minmay_the_grid_triangle_9x9_limited_checkers,
          minmay_the_grid_triangle_9x9_shrine,
          minmay_the_grid_triangle_9x9_zippers_vertical,
          minmay_the_grid_triangle_9x9_from_above,
          minmay_the_grid_square_5x5_inner_z, minmay_the_grid_octo_focus,
          minmay_the_grid_octo_clover, minmay_the_grid_octo_pinwheel,
          minmay_the_grid_octo_odd_swirl, minmay_the_grid_octo_horde,
          minmay_the_grid_octo_chip, minmay_the_grid_octo_checkerflower,
          minmay_the_grid_octo_shrine, minmay_the_grid_box_x,
          minmay_the_grid_minigrid_medium, minmay_the_grid_dragon_a,
          minmay_the_grid_armoury], hell_entry, serial_shops, abyss_entry
Depths:4: evilmike_zot_entry_castle, layout_cave_shapes, rand_demon_pan_entry_8,
          abyss_entry_crystal, hell_entry, grunt_ministairs_15, grunt_potential
Zot:1:    layout_twisted_circle
Zot:2:    layout_misc_corridors
Zot:3:    layout_basic, st_stairs_11, bh_zot_levy_curve,
          st_single_dragon_hoard_3, hangedman_hellfire_club
Zot:4:    infiniplex_zot_generator, layout_twisted_circle
Zot:5:    layout_gridlike, ebering_ghost_rock_garden, bh_zot_lava_cross,
          grunt_ministairs_14, st_stairs_10

Skill      XL: |  1  2  3  4  5  6  7  8  9 10 11 12 13 14 15 16 17 18 19 20 21 22 23 24 25 26 27 |
---------------+----------------------------------------------------------------------------------+-----
Armour         | 4 5 6 8 9 10 12 14 16 17 18 19 20 21 22 23 24 26 27 | 27.0
Fighting       | 4 5 6 7 10 12 14 16 18 20 21 23 25 27 | 27.0
Shields        | 4 8 13 15 21 26 27 | 27.0
Maces & Flails | 4 5 6 7 9 11 12 16 18 20 21 24 26 27 | 27.0
Dodging        | 1 2 3 4 5 6 7 8 9 12 14 19 24 | 24.7
Stealth        | 1 2 3 4 5 9 |  9.6
Invocations    | 2 5 7 9 10 11 12 17 | 17.6

Action                   |  1- 3 |  4- 6 |  7- 9 | 10-12 | 13-15 | 16-18 | 19-21 | 22-24 | 25-27 || total
-------------------------+-------+-------+-------+-------+-------+-------+-------+-------+-------++-------
Melee: Flail             |   107 |   100 |   225 |   440 |  1134 |   884 |       |       |       ||  2890
       Headbutt          |    14 |    16 |    45 |   168 |   472 |   787 |   725 |   726 |  1098 ||  4051
       Whip              |       |       |       |       |       |   968 |   392 |       |       ||  1360
       Demon whip        |       |       |       |       |       |       |  1371 |  1827 |  2842 ||  6040
Invok: Bend Time         |       |       |       |       |     1 |     1 |       |       |     1 ||     3
       Slouch            |       |       |       |       |       |    10 |     9 |    10 |     8 ||    37
       Temporal Distorti |       |       |       |       |       |     2 |       |     1 |    10 ||    13
       Step From Time    |       |       |       |       |       |       |       |       |     1 ||     1
Evoke: Wand              |       |       |       |       |     2 |     1 |       |       |     3 ||     6
  Use: Scroll            |       |     5 |     9 |     5 |    13 |    13 |    11 |     6 |    26 ||    88
       Potion            |       |     1 |     2 |     2 |     2 |     9 |     1 |     8 |    27 ||    52
 Stab: Confused          |       |       |       |       |     1 |       |       |       |       ||     1
       Distracted        |       |       |       |       |       |     2 |     1 |       |       ||     3
       Invisible         |       |       |       |       |       |       |       |     7 |       ||     7
Armor: Scale mail        |    46 |    27 |    34 |       |       |       |       |       |       ||   107
       Chain mail        |       |       |    77 |   242 |    50 |       |       |       |       ||   369
       Plate armour      |       |       |       |       |   582 |   715 |       |       |       ||  1297
       Gold dragon scale |       |       |       |       |       |    28 |   463 |   501 |   690 ||  1682
       Skin              |       |       |       |       |       |       |       |       |     3 ||     3
Dodge: Dodged            |    34 |    45 |   112 |   201 |   522 |   781 |   400 |   548 |  1454 ||  4097
Block: Buckler           |    27 |    23 |    65 |   126 |    38 |       |       |       |       ||   279
       Kite shield       |       |       |       |       |  1318 |  2273 |  1643 |  1854 |  2471 ||  9559
       Reflection        |       |       |       |       |    31 |    11 |   116 |   168 |       ||   326
       Tower shield      |       |       |       |       |       |       |       |       |   660 ||   660

Table legend: (Time is in decaauts)
 A = Elapsed time spent in this place.
 B = Non-inter-level travel time spent in this place.
 C = Inter-level travel time spent in this place.
 D = Time resting spent in this place.
 E = Time spent auto-exploring this place.
 F = Levels seen in this place.
 G = Mean time per level.
                   A        B        C        D        E       F      G
               +--------+--------+--------+--------+--------+-----+--------+
         Total | 117142 | 103376 |  13766 |   8114 |  66911 |  70 | 1673.5 |
       Dungeon |  25203 |  19890 |   5313 |   2204 |  13527 |  15 | 1680.2 |
        Temple |    156 |    156 |      0 |      0 |     96 |   1 |  156.0 |
          Lair |  10394 |   9134 |   1260 |    126 |   7511 |   6 | 1732.3 |
        Shoals |   6533 |   6188 |    345 |    329 |   4143 |   4 | 1633.2 |
   Spider Nest |   8771 |   7230 |   1541 |    463 |   5251 |   4 | 2192.8 |
    Slime Pits |   5739 |   5637 |    102 |    590 |   3608 |   5 | 1147.8 |
  Orcish Mines |   3330 |   2813 |    517 |      0 |   2039 |   2 | 1665.0 |
   Elven Halls |   6782 |   6434 |    348 |    331 |   4014 |   3 | 2260.7 |
        Vaults |  11962 |  10773 |   1189 |    500 |   7695 |   5 | 2392.4 |
         Crypt |   5406 |   4760 |    646 |      2 |   3682 |   3 | 1802.0 |
          Tomb |   1829 |   1700 |    129 |    215 |      8 |   1 | 1829.0 |
        Depths |  12789 |  11304 |   1485 |   1296 |   6850 |   4 | 3197.2 |
           Zot |   9797 |   8911 |    886 |    845 |   4445 |   5 | 1959.4 |
         Abyss |   4258 |   4258 |      0 |    661 |   1793 |   7 |  608.3 |
        Bazaar |    939 |    939 |      0 |    500 |    202 |   2 |  469.5 |
      Ice Cave |   1177 |   1177 |      0 |      0 |    924 |   1 | 1177.0 |
       Volcano |   1048 |   1048 |      0 |      0 |    683 |   1 | 1048.0 |
      Gauntlet |   1021 |   1021 |      0 |     49 |    432 |   1 | 1021.0 |
               +--------+--------+--------+--------+--------+-----+--------+

Top non-repeatable levels by time:
Depths:3: 4789 daAuts
Spider:1: 3300 daAuts
    D:15: 2892 daAuts
Depths:1: 2888 daAuts
   Elf:3: 2814 daAuts
Depths:4: 2806 daAuts
   Zot:5: 2799 daAuts
Vaults:3: 2635 daAuts
Vaults:4: 2597 daAuts
     D:9: 2504 daAuts
    D:12: 2485 daAuts
Vaults:2: 2476 daAuts
  Lair:5: 2465 daAuts
    D:14: 2415 daAuts
   Zot:1: 2326 daAuts
